 Dungeon Crawl Stone Soup version 0.30-a0-948-g4fa250aae5 (webtiles) character file.

Game seed: 17847904826011322001

294 xian the Chiller (level 6, 0/32 HPs)
             Began as a Deep Elf Ice Elementalist on Mar 27, 2023.
             Killed from afar by Natasha (8 damage)
             ... with a magic dart
             ... on level 3 of the Dungeon.
             The game lasted 00:06:18 (2122 turns).

xian the Chiller (Deep Elf Ice Elementalist)        Turns: 2122, Time: 00:06:19

Health: 0/32       AC:  4    Str:  5    XL:     6   Next: 11%
Magic:  15/16      EV: 11    Int: 27    God:
Gold:   97         SH:  0    Dex: 15    Spells: 4/15 levels left

rFire   . . .      SeeInvis .    l - +3 dagger (holy)
rCold   . . .      Faith    .    (no shield)
rNeg    . . .      Spirit   .    m - +0 leather armour
rPois   .          Reflect  .    (no helmet)
rElec   .          Rampage  .    (no cloak)
rCorr   .                        (no gloves)
Will    .....                    r - +0 pair of boots of the Invisible Hand {Int+5}
Stlth   ++                       (no amulet)
HPRegen 0.25/turn                (no ring)
MPRegen 0.15/turn                (no ring)

@: no status effects
A: no striking features
a: no special abilities


You were on level 3 of the Dungeon.
You visited 1 branch of the dungeon, and saw 4 of its levels.

You collected 97 gold pieces.

Inventory:

Hand Weapons
 l - a +3 dagger of holy wrath (weapon)
Missiles
 o - 2 atropa-tipped darts
Armour
 h - a +1 chain mail of positive energy
 m - a +0 leather armour (worn)
 r - the +0 pair of boots of the Invisible Hand (worn) {Int+5}
   (You found it on level 3 of the Dungeon)

   Int:       It affects your intelligence (+5).
Scrolls
 a - a scroll of amnesia {unknown}
 c - a scroll of teleportation {unknown}
 d - a scroll of blinking {unknown}
 e - a scroll of brand weapon {unknown}
 g - a scroll of poison {unknown}
 n - 3 scrolls of identify {unknown}
 p - a scroll of vulnerability {unknown}
 t - a scroll of fog {unknown}
Potions
 b - a potion of magic
 f - a potion of lignification {unknown}
 i - a potion of brilliance {unknown}
 j - a potion of haste {unknown}
 k - 3 potions of might {unknown}
 q - a potion of invisibility {unknown}
 s - a potion of mutation {unknown}


   Skills:
 * Level 2.5 Armour
 + Level 2.5 Dodging
 + Level 2.7 Stealth
 + Level 5.4 Spellcasting
 + Level 5.8 Ice Magic


You had 4 spell levels left.
You knew the following spells:

 Your Spells              Type           Power      Damage    Failure   Level
a - Freeze                Ice            100%       1d10      1%          1
b - Frozen Ramparts       Ice            78%        1d12      3%          3
c - Ozocubu's Armour      Ice            39%        N/A       3%          3
d - Summon Ice Beast      Ice/Summ       23%        N/A       32%         4

Your spell library contained the following spells:

 Spells                   Type           Power      Damage    Failure   Level
 Ignite Poison            Fire/Tmut/Pois 7%         N/A       32%         3
 Kindle Blastsparks       Fire/Tloc/Air  14%        2d11      32%         3
 Summon Guardian Golem    Hex/Summ       7%         N/A       32%         3
 Freezing Cloud           Conj/Ice/Air   8%         6-21      80%         5
 Orb of Destruction       Conj           3%         9d5       100%        7
 Spellforged Servitor     Conj/Summ      3%         N/A       100%        7


Dungeon Overview and Level Annotations

Branches:
Dungeon (4/15)
 Temple: D:4-7

Altars:

Shops:
D:3 (

Annotations:
D:3 Natasha


Message History

A quokka comes into view.
You can't see any susceptible monsters within range! (Use Z to cast anyway.)
You can't see any susceptible monsters within range! (Use Z to cast anyway.)
You hit the kobold.
You kill the kobold!
The quokka bites you but does no damage.
You see here a +0 club.
You freeze the quokka!
You kill the quokka!
You can't see any susceptible monsters within range! (Use Z to cast anyway.)
You can't see any susceptible monsters within range! (Use Z to cast anyway.)
A rat comes into view.
Found a mace.
Natasha, Servant of Life and Death comes into view.
She is carrying a wand of flame (30).
Natasha hisses angrily.
Casting: Freeze (safe; 1% risk of failure)
Confirm with . or Enter, or press ? or * to list all spells.
Casting: Frozen Ramparts (dangerous; 3% risk of failure)
Press: ? - help, Dir - look around, f - activate The walls around you are covered in ice.
Natasha zaps a wand.
The puff of flame hits you!
Natasha mumbles some strange words.
The crimson imp is frozen!
The wall freezes the crimson imp.
The crimson imp is frozen!
The wall freezes the crimson imp!
You kill the crimson imp!
The crimson imp disappears in a puff of smoke!
Natasha zaps a wand.
The puff of flame misses you.
Natasha zaps a wand.
The puff of flame hits you! Natasha casts a spell at you.
The magic dart hits you!
* * * LOW HITPOINT WARNING * * *
Your frozen ramparts will break if you move.
Continue?
Okay, then.
Your frozen ramparts will break if you move.
Continue?
The frozen ramparts melt away as you move.
Natasha howls an incantation.
Natasha's front paws start to glow.
Natasha casts a spell at you. The magic dart hits you!
You die...

###.# #.#
#...####.####
....#.......#
#.#.........#
#.#.#.......###
#.#.#.........###
#...........#.h.##
#..##.###'''###..##
...####.......##@.#
..##
#..#...#..##).# .##
#..#r#.#.#. #...#
## ..#...#... ##.#
.#.#.# . ..# .# #


You could see Natasha.

Vanquished Creatures
  2 orc priests (D:4)
  2 hounds (D:4)
  Natasha (D:3)
  2 orc wizards
  3 adders
  2 worms (D:2)
  14 orcs
  3 ball pythons
  4 bats
  4 endoplasms
  3 goblins
  2 hobgoblins
  3 jackals (D:1)
  6 kobolds
  2 quokkas
  A frilled lizard (D:2)
  6 rats
60 creatures vanquished.

Notes
Turn   | Place    | Note
-------+----------+-------------------------------------------
     0 | D:1      | xian the Deep Elf Ice Elementalist began the quest for the
                  | Orb.
     0 | D:1      | Reached XP level 1. HP: 10/10 MP: 6/6
    65 | D:1      | Reached XP level 2. HP: 15/15 MP: 2/8
   201 | D:1      | Found a faded altar of an unknown god.
   557 | D:1      | Reached skill level 5 in Ice Magic
   749 | D:2      | Reached XP level 3. HP: 16/19 MP: 3/10
   754 | D:2      | Learned a level 3 spell: Frozen Ramparts
  1086 | D:2      | You fall into a shaft and drop 2 floors!
  1141 | D:4      | Reached skill level 1 in Armour
  1141 | D:4      | Reached XP level 4. HP: 12/24 MP: 7/12
  1146 | D:4      | Reached XP level 5. HP: 6/28 MP: 4/14
  1154 | D:4      | Learned a level 3 spell: Ozocubu's Armour
  1159 | D:4      | Learned a level 4 spell: Summon Ice Beast
  1343 | D:4      | Reached skill level 5 in Spellcasting
  1637 | D:3      | Noticed a water moccasin
  1711 | D:3      | Found Itimenask's Weapon Boutique.
  1931 | D:3      | Identified the +0 pair of boots of the Invisible Hand
                  | {Int+5}
  1992 | D:3      | Noticed Natasha
  1999 | D:3      | Reached XP level 6. HP: 30/32 MP: 5/16
  2000 | D:3      | Killed Natasha
  2102 | D:3      | Noticed Natasha
  2122 | D:3      | Killed from afar by Natasha

Illustrated notes

Levels and vault maps discovered:
D:1:      minmay_arrival_four_houses, layout_basic,
          ebering_ecumenical_altar_mist
D:2:      layout_rooms, minmay_misc_feat_alley
D:3:      layout_rooms, serial_shops, nicolae_shop_bloodbath_and_beyond,
          kennysheep_cluttered_room, grunt_decor_resistance,
          kennysheep_generic_room_15, uniq_natasha
D:4:      layout_layer_cave, minmay_temple_entry_glassed_door, uniq_pikel

Skill      XL: |  1  2  3  4  5 |
---------------+----------------+-----
Ice Magic      | 5 |  5.8
Armour         | 1 2 |  2.5
Spellcasting   | 4 5 |  5.4
Dodging        | |  2.5
Stealth        | |  2.7

Action                     |  1- 3 |  4- 6 || total
---------------------------+-------+-------++-------
  Melee: Unarmed           |     1 |       ||     1
         Dagger            |     4 |     5 ||     9
         Club              |     1 |       ||     1
   Cast: Freeze            |    41 |    23 ||    64
         Frozen Ramparts   |     3 |     8 ||    11
         Ozocubu's Armour  |       |     3 ||     3
 Armour: Robe              |     9 |       ||     9
         Leather armour    |     2 |    10 ||    12
  Dodge: Dodged            |    20 |    23 ||    43

Table legend: (Time is in decaauts)
 A = Elapsed time spent in this place.
 B = Non-inter-level travel time spent in this place.
 C = Inter-level travel time spent in this place.
 D = Time resting spent in this place.
 E = Time spent auto-exploring this place.
 F = Levels seen in this place.
 G = Mean time per level.
                   A        B        C        D        E       F      G
               +--------+--------+--------+--------+--------+-----+--------+
         Total |   2120 |   2101 |     19 |      0 |   1556 |   4 |  530.0 |
       Dungeon |   2120 |   2101 |     19 |      0 |   1556 |   4 |  530.0 |
               +--------+--------+--------+--------+--------+-----+--------+

Top non-repeatable levels by time:
     D:1: 679 daAuts
     D:3: 536 daAuts
     D:4: 498 daAuts
     D:2: 404 daAuts
